 Dungeon Crawl Stone Soup version 0.21.1-72-gffa868e0fe (webtiles) character file.

39794 Pisosu the Severer (level 13, -3/118 HPs)
             Began as a Minotaur Fighter on Aug 3, 2018.
             Was an Elder of Trog.
             Slain by a deep elf elementalist
             ... wielding a cursed -1 long sword
              (9 damage)
             ... on level 1 of the Elven Halls.
             The game lasted 01:05:42 (17351 turns).

Pisosu the Severer (Minotaur Fighter)              Turns: 17351, Time: 01:05:42

Health: -3/118     AC: 21    Str: 22    XL:     13   Next: 71%
Magic:  12/12      EV:  6    Int:  5    God:    Trog [****..]
Gold:   1584       SH: 20    Dex: 18    Spells: 12/12 levels left

rFire    . . .     SeeInvis +   w - +3 broad axe of Trog's Anger {elec, MR+++ Str-4 Dex+4}
rCold    . . .     Gourm    .   C - +0 large shield
rNeg     . . .     Faith    .   L - +0 plate armour
rPois    .         Spirit   .   (helmet restricted)
rElec    .         Reflect  .   x - +2 cloak
rCorr    .         Harm     .   J - +1 pair of gloves
MR       +++++                  (no boots)
Stlth    ..........             (no amulet)
HPRegen  1.29/turn              m - +4 ring of dexterity
MPRegen  0.13/turn              u - ring of see invisible

@: about to teleport, berserk cooldown, regenerating, slowed, drained, very slow
A: retaliatory headbutt, horns 2
a: Berserk, Trog's Hand, Brothers in Arms, Burn Spellbooks, Renounce Religion


You were on level 1 of the Elven Halls.
You worshipped Trog.
Trog was greatly pleased with you.
You were not hungry.

You visited 4 branches of the dungeon, and saw 16 of its levels.

You collected 1642 gold pieces.
You spent 58 gold pieces at shops.

Inventory:

Hand Weapons
 a - a +1 war axe of freezing
 w - the +3 broad axe of Trog's Anger (weapon) {elec, MR+++ Str-4 Dex+4}
   (Trog gifted it to you on level 2 of the Orcish Mines)

   Occasionally, upon striking a foe, it will discharge some electrical energy
   and cause terrible harm.
   It affects your strength (-4).
   It affects your dexterity (+4).
   It affects your resistance to hostile enchantments.
Armour
 e - a +0 chain mail of poison resistance
 n - a scarf of cloud immunity
 s - +0 acid dragon scales
 x - a +2 cloak (worn)
 C - a +0 large shield (worn)
 H - the +0 ring mail of the Game Afoot {*Slow rCorr Int-2 Dex+7}
   (You found it on level 6 of the Dungeon)

   It affects your intelligence (-2).
   It affects your dexterity (+7).
   It protects you from acid and corrosion.
   It may slow you when you take damage.
 J - a +1 pair of gloves (worn)
 L - a +0 plate armour (worn)
Magical Staves
 I - an uncursed staff of power {unknown}
Jewellery
 m - a +4 ring of dexterity (left hand)
 u - a ring of see invisible (right hand)
 D - an uncursed ring of ice {unknown}
Wands
 c - a wand of flame (14)
 p - a wand of disintegration (19)
 F - a wand of paralysis (11)
Scrolls
 b - 2 scrolls of remove curse
 g - a scroll of magic mapping
 i - 5 scrolls of enchant weapon
 o - a scroll of immolation {unknown}
 y - 6 scrolls of identify
 A - a scroll of blinking {unknown}
Potions
 d - 2 potions of might
 h - 4 potions of lignification
 j - 2 potions of brilliance {unknown}
 k - 2 potions of haste {unknown}
 l - a potion of cancellation {unknown}
 r - 6 potions of curing
 t - 2 potions of heal wounds {unknown}
 v - 2 potions of degeneration {unknown}
 z - a potion of resistance {unknown}
 B - 4 potions of magic {unknown}
 K - a potion of berserk rage {unknown}
 M - 2 potions of ambrosia {unknown}
 P - 2 potions of mutation {unknown}
Comestibles
 f - 15 rations


   Skills:
 + Level 12.0(11.8) Fighting
 + Level 17.2(16.8) Axes
 + Level 11.3(11.0) Armour
 - Level 1.7(1.5) Dodging
 - Level 0.2(0.0) Stealth
 + Level 15.1(14.8) Shields


You had 12 spell levels left.
You didn't know any spells.

Dungeon Overview and Level Annotations

Branches:
Dungeon (12/15)            Temple (1/1) D:6            Lair (0/6) D:8
    Orc (2/2) D:11            Elf (1/3) Orc:2

Altars:
Ashenzari
Cheibriados
Dithmenos
Elyvilon
Fedhas
Gozag
Hepliaklqana
Kikubaaqudgha
Makhleb
Nemelex Xobeh
Okawaru
Qazlal
Ru
Sif Muna
Trog
Uskayaw
Vehumet
Wu Jian
Xom
Yredelemnul
Zin
The Shining One

Shops:
D:4 [   D:9 =   Orc:2 :?}=[

Annotations:
D:10 Gastronok


Innate Abilities, Weirdness & Mutations

You reflexively headbutt those who attack you in melee.
You have a pair of horns on your head.


Message History

You furiously retaliate!
You headbutt the deep elf elementalist!
You barely miss the deep elf elementalist.
The deep elf elementalist is severely wounded.
You hit the earth elemental but do no damage. x3
Your shield and plate armour prevent you from hitting the earth elemental.
You barely miss the earth elemental. You slash the earth elemental!
The winds around the air elemental calm down.
A vortex of raging winds appears around the air elemental!
You block the deep elf elementalist's attack.
The earth elemental barely misses you. You block the earth elemental's attack.
The earth elemental hits you but does no damage.
The earth elemental hits you!!
* * * LOW HITPOINT WARNING * * *
The earth elemental hits you!!
* * * LOW HITPOINT WARNING * * *
You block the earth elemental's attack.
As you read the scroll of teleportation, it crumbles to dust.
You feel strangely unstable.
The deep elf elementalist hits you with an enchanted long sword!
You die...

######.......'....'.....#
)....'.......######.....#
######.......# #.....#
##)(......# #######
##.##()...'##
#.####).###.## #.##
#...###.#### ## #.#.#
##EEE# .#..# #E@.# .# ###
#EEe## ####E#### ##Ee.#
#§.e.## #.§.E.# ##E§..##
#§...e# +#)§#§#


You could see a deep elf death mage, a deep elf elementalist, 2 deep elf
archers, 7 earth elementals, a fire elemental and an air elemental.

Vanquished Creatures
  Erolcha (Orc:2)
  An ogre mage (Orc:2)
  6 two-headed ogres
  2 dancing weapons
  2 deep elf knights (Elf:1)
  An unseen horror (D:11)
  3 deep elf archers (Elf:1)
  A deep troll (Orc:2)
  3 orc knights
  3 orc sorcerers
  2 ugly things
  11 deep elf magi
  2 cyclopes
  Maurice (D:10)
  The ghost of ExaRaiun the Shield-Bearer, a novice GrFi of Okawaru (D:6)
  A kobold demonologist (D:10)
  A komodo dragon (D:8)
  2 rime drakes (Orc:2)
  9 trolls
  The ghost of SacredBeard the Cudgeler, an amateur HuFi (D:3)
  4 hippogriffs
  A water elemental (Elf:1)
  An air elemental (Elf:1)
  A wraith (D:11)
  A vampire (D:11)
  4 wyverns
  Eustachio (D:5)
  A human (D:8)
  A fire elemental (Orc:2)
  3 hungry ghosts
  4 hogs (D:8)
  2 wargs
  An acid dragon (D:12)
  A swamp drake (D:8)
  20 orc warriors
  2 ice beasts
  3 black bears
  20 ogres
  3 phantoms
  4 sky beasts
  8 centaurs
  An eye of draining (D:12)
  3 crocodiles
  17 big kobolds (D:10)
  Blork the orc (D:4)
  3 bullfrogs
  3 scorpions
  A troll zombie (D:11)
  8 wights
  11 killer bees (D:10)
  2 howler monkeys
  3 electric eels (D:11)
  A bullfrog zombie (D:4)
  4 centaur zombies
  6 crimson imps
  5 jellies
  A quasit (D:10)
  15 orc priests
  28 orc wizards
  Crazy Yiuf (D:3)
  7 hounds
  3 bullfrog skeletons
  6 iguanas
  5 worker ants
  A killer bee zombie (D:7)
  7 ogre zombies (D:11)
  2 hound skeletons
  7 gnolls
  3 howler monkey skeletons
  9 adders
  3 shadow imps
  An adder zombie (D:9)
  A dart slug (D:3)
  6 leopard geckos
  78 orcs
  A ball python (D:4)
  4 bats
  7 giant cockroaches
  14 goblins
  13 hobgoblins
  13 jackals
  20 kobolds
  6 quokkas
  4 frilled lizards
  2 goblin skeletons (D:11)
  3 goblin zombies (D:11)
  6 hobgoblin zombies (D:11)
  A leopard gecko zombie (D:6)
  An orc skeleton (D:11)
  13 orc zombies (D:11)
  5 rats
  6 fungi (D:1)
512 creatures vanquished.

Vanquished Creatures (collateral kills)
  An ogre mage (Orc:2)
  4 two-headed ogres
  A deep troll (Orc:2)
  2 trolls (Orc:2)
  6 ogres
14 creatures vanquished.

Vanquished Creatures (others)
  An air elemental (Elf:1)
  An orc wizard (Orc:1)
2 creatures vanquished.

Grand Total: 528 creatures vanquished

Notes
Turn   | Place    | Note
-------+----------+-------------------------------------------
     0 | D:1      | Pisosu the Minotaur Fighter began the quest for the Orb.
     0 | D:1      | Reached XP level 1. HP: 19/19 MP: 0/0
   112 | D:1      | Reached XP level 2. HP: 27/27 MP: 1/1
   915 | D:2      | Reached skill level 3 in Axes
  1016 | D:2      | Reached XP level 3. HP: 33/33 MP: 2/2
  1454 | D:3      | Reached XP level 4. HP: 28/40 MP: 3/3
  1542 | D:3      | Found a sacrificial altar of Ru.
  1549 | D:3      | Reached skill level 4 in Axes
  1626 | D:3      | Reached skill level 1 in Dodging
  1814 | D:3      | Found a runed door.
  1859 | D:3      | Noticed SacredBeard's ghost (amateur HuFi)
  1886 | D:3      | Killed SacredBeard's ghost
  1886 | D:3      | Reached skill level 5 in Axes
  1886 | D:3      | Reached XP level 5. HP: 36/47 MP: 4/4
  1886 | D:3      | Reached XP level 6. HP: 42/55 MP: 5/5
  2190 | D:3      | Noticed Crazy Yiuf
  2197 | D:3      | Killed Crazy Yiuf
  2307 | D:4      | Reached skill level 5 in Shields
  2332 | D:4      | Reached skill level 5 in Fighting
  2332 | D:4      | Reached skill level 6 in Axes
  2442 | D:4      | Reached skill level 5 in Armour
  2442 | D:4      | Reached XP level 7. HP: 46/61 MP: 6/6
  2801 | D:4      | Reached skill level 7 in Axes
  2967 | D:4      | Found Roreetih's Armour Shop.
  2980 | D:4      | Bought a +0 large shield for 58 gold pieces
  3109 | D:4      | Noticed Blork the orc
  3119 | D:4      | Killed Blork the orc
  3126 | D:4      | Reached XP level 8. HP: 47/69 MP: 7/7
  3242 | D:5      | Entered Level 5 of the Dungeon
  3281 | D:5      | Reached skill level 8 in Axes
  3459 | D:5      | Paralysed by a gnoll for 6 turns
  3644 | D:5      | Noticed Eustachio
  3665 | D:5      | Killed Eustachio
  3866 | D:5      | Found a basalt altar of Yredelemnul.
  3904 | D:6      | Noticed ExaRaiun's ghost (novice GrFi)
  3923 | D:6      | Killed ExaRaiun's ghost
  3923 | D:6      | Reached skill level 9 in Axes
  4177 | D:6      | Found a staircase to the Ecumenical Temple.
  4191 | Temple   | Entered the Ecumenical Temple
  4444 | D:6      | Got a shimmering ring mail
  4455 | D:6      | Identified the +0 ring mail of the Game Afoot {*Slow rCorr Int-2 Dex+7} (You found it on level 6 of the Dungeon)
  4664 | D:6      | Reached XP level 9. HP: 78/78 MP: 8/8
  5279 | D:7      | Reached skill level 10 in Axes
  5878 | D:7      | Found a stormy altar of Qazlal.
  6166 | D:8      | Reached skill level 11 in Axes
  6237 | D:8      | Found a sparkling altar of Nemelex Xobeh.
  6375 | D:8      | Reached XP level 10. HP: 75/88 MP: 9/9
  6573 | D:8      | Found a blossoming altar of Fedhas.
  6610 | D:8      | Found a shimmering altar of Xom.
  6806 | D:8      | Reached skill level 12 in Axes
  6848 | D:8      | Reached skill level 10 in Shields
  7000 | D:8      | Found a staircase to the Lair.
  7331 | D:9      | Found a burning altar of Makhleb.
  7518 | D:9      | Found Colafreu's Jewellery Shoppe.
  7838 | D:9      | Found a bloodstained altar of Trog.
  7838 | D:9      | Found a shattered altar of Ashenzari.
  7854 | D:9      | Became a worshipper of Trog the Wrathful
  7928 | D:10     | Entered Level 10 of the Dungeon
  7928 | D:10     | Noticed a two-headed ogre
  7934 | D:10     | Killed a two-headed ogre
  7934 | D:10     | Reached skill level 13 in Axes
  8026 | D:10     | Noticed a two-headed ogre
  8031 | D:10     | Killed a two-headed ogre
  8031 | D:10     | Reached XP level 11. HP: 73/97 MP: 10/10
  8409 | D:10     | Reached * piety under Trog
  8726 | D:10     | Reached ** piety under Trog
  9102 | D:10     | Noticed Maurice
  9107 | D:10     | Paralysed by Maurice for 5 turns
  9121 | D:10     | Killed Maurice
  9242 | D:10     | Noticed Gastronok
  9659 | D:11     | Reached skill level 14 in Axes
  9712 | D:11     | Noticed an unseen horror
  9739 | D:11     | Killed an unseen horror
  9759 | D:11     | Found a labyrinth entrance.
  9834 | D:11     | Reached *** piety under Trog
 10287 | D:11     | Noticed a white ugly thing
 10306 | D:11     | Killed a white ugly thing
 10988 | D:11     | Found a staircase to the Orcish Mines.
 11062 | D:11     | Reached **** piety under Trog
 11153 | D:11     | You fall through a shaft!
 11417 | D:12     | Noticed a white ugly thing
 11434 | D:12     | Killed a white ugly thing
 11434 | D:12     | Reached skill level 10 in Fighting
 11880 | D:12     | Reached XP level 12. HP: 98/106 MP: 11/11
 12512 | Orc:1    | Entered Level 1 of the Orcish Mines
 12567 | D:11     | Reached ***** piety under Trog
 12646 | Orc:1    | Paralysed by an orc sorcerer for 2 turns
 12857 | Orc:1    | Paralysed by an orc sorcerer for 7 turns
 12873 | D:11     | Reached skill level 15 in Axes
 13251 | Orc:1    | Reached skill level 10 in Armour
 13650 | Orc:2    | Entered Level 2 of the Orcish Mines
 13697 | Orc:2    | Noticed a two-headed ogre
 13707 | Orc:2    | Killed a two-headed ogre
 13720 | Orc:2    | Noticed a two-headed ogre
 13801 | Orc:2    | Killed a two-headed ogre
 13818 | Orc:2    | Received a gift from Trog
 13820 | Orc:2    | Noticed a two-headed ogre
 13822 | Orc:2    | Noticed an ogre mage
 13823 | Orc:2    | Killed a two-headed ogre
 13824 | Orc:2    | Noticed a two-headed ogre
 13827 | Orc:2    | Killed a two-headed ogre
 13828 | Orc:2    | Killed an ogre mage
 13844 | Orc:2    | Got a warped broad axe {god gift}
 13858 | Orc:2    | Identified the +3 broad axe of Trog's Anger {elec, MR+++ Str-4 Dex+4} (Trog gifted it to you on level 2 of the Orcish Mines)
 13870 | Orc:2    | Noticed a two-headed ogre
 13878 | Orc:2    | Killed a two-headed ogre
 13878 | Orc:2    | Reached skill level 16 in Axes
 13903 | Orc:2    | Found Qoanank's Gadget Shop.
 13911 | Orc:2    | Noticed an ogre mage
 13915 | Orc:2    | Noticed a two-headed ogre
 13925 | Orc:1    | Killed a two-headed ogre
 14127 | Orc:2    | Noticed a two-headed ogre
 14181 | Orc:2    | Killed a two-headed ogre
 14198 | Orc:2    | Killed an ogre mage
 14198 | Orc:2    | Reached XP level 13. HP: 51/116 MP: 12/12
 14468 | Orc:2    | Found a staircase to the Elven Halls.
 15112 | Orc:2    | Found Bout's Antique Armour Emporium.
 15122 | Orc:2    | Found Nailo Xon's Magic Scroll Boutique.
 15123 | Orc:2    | Found Cykiat's Jewellery Shop.
 15134 | Elf:1    | Entered Level 1 of the Elven Halls
 15249 | Orc:2    | Found Tush's Book Emporium.
 15341 | Orc:2    | Noticed Erolcha
 15353 | Orc:2    | Killed Erolcha
 15480 | Orc:2    | Received a gift from Trog
 16726 | Elf:1    | Reached skill level 17 in Axes
 16774 | Elf:1    | Reached skill level 15 in Shields
 17336 | Elf:1    | Noticed a deep elf death mage
 17336 | Elf:1    | Noticed a deep elf elementalist
 17350 | Elf:1    | HP: 4/118 [earth elemental[a deep elf elementalist] (25)]
 17351 | Elf:1    | Slain by a deep elf elementalist

Skill      XL: |  1  2  3  4  5  6  7  8  9 10 11 12 13 |
---------------+----------------------------------------+-----
Fighting       | 4 5 6 7 9 10 11 12 | 12.0
Armour         | 4 5 6 7 8 9 10 11 | 11.3
Axes           | 3 5 6 7 9 11 13 14 16 17 | 17.2
Shields        | 4 5 7 9 10 12 13 15 | 15.1
Dodging        | 1 |  1.7
Stealth        | |  0.2

Action                   |  1- 3 |  4- 6 |  7- 9 | 10-12 | 13-15 || total
-------------------------+-------+-------+-------+-------+-------++-------
Melee: War axe           |   123 |    97 |   326 |   777 |    42 ||  1365
       Headbutt          |    19 |    14 |    73 |   203 |    59 ||   368
       Broad axe         |       |       |       |    40 |   167 ||   207
Invok: Burn Spellbooks   |       |       |       |     3 |     1 ||     4
       Berserk           |       |       |       |     7 |     4 ||    11
       Brothers in Arms  |       |       |       |     3 |     2 ||     5
       Trog's Hand       |       |       |       |       |     3 ||     3
Evoke: Wand              |       |       |       |     8 |       ||     8
  Use: Scroll            |       |       |     1 |    14 |     1 ||    16
  Eat: Chunk             |     1 |     2 |     5 |    18 |     6 ||    32
       Ration            |       |     1 |     3 |     5 |     3 ||    12
Armor: Scale mail        |    52 |    41 |    96 |       |       ||   189
       Plate armour      |       |       |    34 |   281 |    65 ||   380
Dodge: Dodged            |    25 |    29 |    74 |    78 |    23 ||   229
Block: Shield            |    66 |    57 |    35 |       |       ||   158
       Large shield      |       |       |   260 |   641 |   200 ||  1101
